 Dungeon Crawl Stone Soup version 0.19.3-1-g3169bf9 (console) character file.

139 Kloppie the Skirmisher (level 5, -1/47 HPs)
             Began as a Ghoul Berserker on Jan 25, 2017.
             Was a Believer of Trog.
             Slain by Purgy (6 damage)
             ... in a sewer.
             The game lasted 00:03:58 (2123 turns).

Kloppie the Skirmisher (Ghoul Berserker)            Turns: 2123, Time: 00:03:58

Health: -1/47      AC:  5    Str: 20    XL:     5   Next: 22%
Magic:  4/4        EV: 16    Int:  3    God:    Trog [**....]
Gold:   93         SH:  0    Dex: 14    Spells: 0 memorised, 4 levels left

rFire  . . .     SeeInvis .     a - +0 hand axe
rCold  + . .     Gourm    .     g - +0 ring mail
rNeg   + + +     Faith    .     (no shield)
rPois  ∞         Spirit   .     (no helmet)
rElec  .         Reflect  .     (no cloak)
rCorr  .         Harm     .     (no gloves)
MR     ++...                    (no boots)
Stlth  ++........               (no amulet)
                                o - ring of flight
                                (no ring)

@: agile, regenerating, rotting
A: rotting body, claws 1, carnivore 3, cold resistance 1, negative energy
resistance 3, slow regeneration 1, torment resistance, unbreathing
a: Trog's Hand, Burn Spellbooks, Renounce Religion, Evoke Flight


You were in a sewer.
You worshipped Trog.
Trog was pleased with you.
You were hungry.

You visited 1 branch of the dungeon, and saw 3 of its levels.
You also visited: Sewer.

You collected 93 gold pieces.

Inventory:

Hand Weapons
 a - a +0 hand axe (weapon)
 n - a +0 war axe
Armour
 g - a +0 ring mail (worn)
Jewellery
 o - a ring of flight (right claw)
Scrolls
 e - a scroll of amnesia {unknown}
 h - 2 scrolls of remove curse {unknown}
 l - 2 scrolls of recharging {unknown}
 m - a scroll of enchant armour {unknown}
 r - a scroll of random uselessness {unknown}
 s - a scroll of identify {unknown}
Potions
 f - a potion of berserk rage {unknown}
 i - a potion of degeneration {unknown}
 j - 2 potions of cancellation {unknown}
 k - 4 potions of agility
 p - a potion of resistance {unknown}
 q - 2 potions of heal wounds {unknown}
Comestibles
 b - 11 chunks of flesh
 c - a meat ration


   Skills:
 + Level 4.8 Fighting
 + Level 4.3 Axes
 - Level 1.7 Armour
 - Level 1.7 Dodging


You had 4 spell levels left.
You didn't know any spells.

Dungeon Overview and Level Annotations

Branches:
Dungeon (3/15)

Altars:

Annotations:
Sewer Purgy


Innate Abilities, Weirdness & Mutations

Your body is rotting away.
You thrive on raw meat.
You are immune to poison.
You have sharp fingernails.
You are carnivorous and can eat meat at any time.
Your flesh is cold resistant. (rC+)
You are immune to negative energy. (rN+++)
You regenerate slowly when monsters are visible.
You are immune to unholy pain and torment.
You can survive without breathing.


Message History

Purgy closely misses you.
You hit Purgy.
Purgy is severely wounded.
Purgy bites you.
* * * LOW HITPOINT WARNING * * *
Purgy claws you but does no damage. Purgy claws you.
* * * LOW HITPOINT WARNING * * *
You closely miss Purgy.
Purgy is severely wounded.
Purgy bites you but does no damage. Purgy claws you but does no damage.
Purgy closely misses you.
You closely miss Purgy.
Purgy is severely wounded.
Purgy bites you but does no damage. Purgy misses you. Purgy claws you.
* * * LOW HITPOINT WARNING * * *
Okay, then.
It was a potion of agility.
You feel agile all of a sudden. Purgy bites you.
You die...

### ## #∩# =# #.# .#
#+##+##+##.##T##+##+#
#####...........@.......######
≈≈≈≈#≈≈≈≈≈≈≈≈≈.≈≈≈≈≈≈≈≈≈#≈≈≈≈≈
≈≈≈≈#≈≈≈≈≈≈≈≈≈∩≈≈≈≈≈≈≈≈≈#≈≈≈≈≈
≈≈≈≈#≈≈≈≈≈≈≈≈≈.≈≈≈≈≈≈≈≈≈#≈≈≈≈≈
#...................#
#'##)##)##'##'##'##'#
#.##.##.##.##.##.##.#
#.##.##.##.##.##.##.#
#####################


You could see Purgy.

Vanquished Creatures
  2 orc wizards (D:3)
  2 adders
  An ooze (D:1)
  A dart slug (D:2)
  6 leopard geckos
  An orc (D:3)
  3 giant cockroaches (D:3)
  7 goblins
  7 hobgoblins
  10 kobolds
  A quokka (D:2)
  A ball python (D:1)
  4 bats (D:1)
  5 frilled lizards
  4 rats (D:1)
55 creatures vanquished.

Notes
Turn   | Place    | Note
-------+----------+-------------------------------------------
     0 | D:1      | Kloppie the Ghoul Berserker began the quest for the Orb.
     0 | D:1      | Reached XP level 1. HP: 19/19 MP: 0/0
   338 | D:1      | Reached XP level 2. HP: 22/25 MP: 1/1
   676 | D:1      | Reached XP level 3. HP: 30/33 MP: 2/2
  1734 | D:3      | Reached ** piety under Trog
  1734 | D:3      | Reached XP level 4. HP: 35/41 MP: 3/3
  1939 | D:3      | Reached XP level 5. HP: 47/47 MP: 4/4
  1995 | D:3      | Found a glowing drain.
  2019 | Sewer    | Entered a sewer
  2097 | Sewer    | Noticed Purgy
  2123 | Sewer    | Slain by Purgy

Skill      XL: |  1  2  3 |
---------------+----------+-----
Axes           | 3 4 |  4.3
Fighting       | 4 |  4.8
Armour         | |  1.7
Dodging        | |  1.7

Action                   |  1- 3 |  4- 6 || total
-------------------------+-------+-------++-------
Melee: Hand axe          |   147 |    86 ||   233
Invok: Trog's Hand       |       |     2 ||     2
  Use: Potion            |       |     2 ||     2
  Eat: Chunk             |     5 |       ||     5
Armor: Animal skin       |    21 |       ||    21
       Ring mail         |    40 |    51 ||    91
Dodge: Dodged            |    87 |    63 ||   150
